 Dungeon Crawl Stone Soup version 0.26-a0-846-gcc8f1ee719 (webtiles) character file.

Game seed: 5760777449161832120

6875 sahdkjhfkaj the Agent of Entropy (level 10, -3/79 HPs)
             Began as a Demonspawn Abyssal Knight on Nov 19, 2020.
             Was a Priest of Lugonu.
             Slain by an orc warrior
             ... wielding a +0 long sword
              (6 damage)
             ... on level 9 of the Dungeon.
             The game lasted 00:26:40 (15142 turns).

sahdkjhfkaj the Agent of Entropy (DsAK)            Turns: 15142, Time: 00:26:40

Health: -3/79      AC: 15    Str: 16    XL:     10   Next: 78%
Magic:  12/17      EV:  5    Int: 14    God:    Lugonu [***...]
Gold:   520        SH:  9    Dex: 12    Spells: 9/9 levels left

rFire    . . .     SeeInvis .   a - +0 dagger (venom)
rCold    . . .     Faith    .   s - +0 kite shield (curse)
rNeg     . . .     Spirit   .   t - +0 plate armour
rPois    .         Reflect  .   (helmet restricted)
rElec    .         Harm     .   w - +0 cloak
rCorr    .         Rampage  .   (no gloves)
MR       .....                  (no boots)
Stlth    ..........             u - amulet of the acrobat
HPRegen  0.23/turn              j - ring of wizardry
MPRegen  0.15/turn              (no ring)

@: lethally poisoned (-3 -> -4)
A: horns 2, thin metallic scales 1, powered by death 2, spiny 1
a: Depart the Abyss, Bend Space, Banish, Renounce Religion


You were on level 9 of the Dungeon.
You worshipped Lugonu.
Lugonu was most pleased with you.
You visited 2 branches of the dungeon, and saw 11 of its levels.
You visited the Abyss 1 time.

You collected 520 gold pieces.

Inventory:

Hand Weapons
 a - a +0 dagger of venom (weapon)
Missiles
 e - 112 stones (quivered)
Armour
 s - a cursed +0 kite shield (worn)
 t - a +0 plate armour (worn)
 w - a +0 cloak (worn)
Jewellery
 j - a ring of wizardry (left hand)
 u - an amulet of the acrobat (around neck)
Wands
 p - a wand of acid (1)
 x - a wand of iceblast (4)
 C - a wand of random effects (21)
Scrolls
 c - 3 scrolls of teleportation {!r}
 f - 4 scrolls of fear {!r}
 h - 7 scrolls of remove curse {!r}
 k - 2 scrolls of magic mapping {!r}
 l - a scroll of immolation {!r}
 m - 3 scrolls of amnesia {!r}
 o - 2 scrolls of blinking {!r}
 v - a scroll of enchant weapon {!r}
 y - a scroll of noise {!r, unknown}
 z - a scroll of enchant armour {!r, unknown}
 B - a scroll of vulnerability {!r, unknown}
Potions
 b - a potion of haste {!q, unknown}
 d - 2 potions of might {!q}
 g - 2 potions of degeneration {!q}
 i - a potion of heal wounds {!q, unknown}
 n - a potion of berserk rage {!q, unknown}
 q - 2 potions of brilliance {!q, unknown}
 r - a potion of mutation {!q, unknown}
 A - a potion of cancellation {!q, unknown}


   Skills:
 - Level 7.0 Fighting
 - Level 6.0 Armour
 - Level 6.0 Dodging
 + Level 5.1 Shields
 - Level 6.0 Unarmed Combat
 - Level 10.0 Invocations
 - Level 5.0 Evocations


You had 9 spell levels left.
You didn't know any spells.
Your spell library contained the following spells:

 Spells                   Type           Power        Failure   Level
 Freeze                   Ice            #...         100%        1
 Frozen Ramparts          Ice            #.....       100%        3
 Ignite Poison            Fire/Tmut/Pois #.......     100%        3
 Ozocubu's Armour         Ice            #.......     100%        3
 Hailstorm                Conj/Ice       #.......     100%        4
 Summon Ice Beast         Ice/Summ       #.......     100%        4
 Fireball                 Conj/Fire      #.........   100%        5
 Starburst                Conj/Fire      #.........   100%        6
 Ignition                 Fire           #.........   100%        8


Dungeon Overview and Level Annotations

Branches:
Dungeon (10/15)            Temple (1/1) D:5            Lair (0/6) D:8
    Orc (0/2) D:9

Altars:
Ashenzari
Cheibriados
Elyvilon
Fedhas
Hepliaklqana
Kikubaaqudgha
Makhleb
Nemelex Xobeh
Okawaru
Qazlal
Ru
Sif Muna
Trog
Uskayaw
Vehumet
Wu Jian
Xom
Yredelemnul
Zin
The Shining One

Annotations:
D:5 OP quasit
D:10 corrupted, Snorg


Innate Abilities, Weirdness & Mutations

You have a pair of horns on your head.
You are partially covered in thin metallic scales. (AC +2)
You regenerate health from kills.
You are partially covered in sharp spines.


Message History

The orc warrior looks as sick as possible!
You headbutt the orc warrior, but do no damage.
The orc warrior is severely wounded.
The orc wizard hits you but does no damage.
You block the orc warrior's attack.
Unknown command.
You hit the orc warrior but do no damage.
The orc warrior looks as sick as possible!
The orc warrior is severely wounded.
The orc wizard is struck by your spines.
The orc wizard hits you with a +0 dagger.
* * * LOW HITPOINT WARNING * * *
The orc warrior hits you with a +0 long sword!
* * * LOW HITPOINT WARNING * * *
The orc wizard hits you but does no damage.
You closely miss the orc warrior. You headbutt the orc warrior.
The orc warrior is almost dead.
The orc warrior is struck by your spines.
The orc warrior hits you with a +0 long sword.
You die...

##### # #...#####
########........
###.....#.........
#@o.....#.........
#)o.....#.........
#.#.....#.........
#.#.....#.........
#.#.[...#.........
#.#.............##
#.#.............##
#.#..###..........
#.##.######.###.##


You could see an orc warrior (extremely poisoned) and an orc wizard.

Vanquished Creatures
  A two-headed ogre (D:8)
  A hornet (D:9)
  A wraith (D:9)
  10 yaks
  3 orc warriors
  5 ice beasts
  2 sky beasts
  2 black bears
  2 hornet zombies
  A necrophage (D:7)
  4 ogres
  2 centaurs
  2 big kobolds
  3 bullfrogs
  A wyvern skeleton (D:9)
  A water moccasin skeleton (D:8)
  3 scorpions
  7 killer bees
  A wight (D:8)
  A bullfrog zombie (D:5)
  A centaur zombie (D:2)
  A quasit (D:9)
  A bullfrog skeleton (D:8)
  A centaur skeleton (D:4)
  8 orc wizards
  5 orc priests
  3 hounds
  2 iguanas
  4 worker ants
  3 gnolls (D:2)
  9 adders
  2 shadow imps
  5 white imps
  An ooze (D:1)
  2 adder skeletons
  4 worms
  4 dart slugs
  2 leopard geckos (D:5)
  35 orcs
  6 giant cockroaches
  7 goblins
  6 hobgoblins
  13 jackals
  3 quokkas
  A ball python (D:1)
  11 bats
  6 frilled lizards
  A jackal skeleton (D:8)
  16 kobolds
  A quokka zombie (D:9)
  7 rats
224 creatures vanquished.

Vanquished Creatures (others)
  A killer bee (D:10)
  An orc (D:10)
  A quokka (D:10)
  2 kobolds (D:10)
  5 plants
10 creatures vanquished.

Grand Total: 234 creatures vanquished

Notes
Turn   | Place    | Note
-------+----------+-------------------------------------------
     0 | Abyss:1  | sahdkjhfkaj the Demonspawn Abyssal Knight began the quest
                  | for the Orb.
     0 | Abyss:1  | Reached XP level 1. HP: 18/18 MP: 2/2
    19 | Abyss:3  | Found a corrupted altar of Lugonu.
    31 | Abyss:3  | Noticed a quasit
    56 | Abyss:3  | Noticed an ancient zyme
    58 | D:1      | Escaped the Abyss
   196 | D:1      | Reached skill level 1 in Dodging
   319 | D:1      | Reached * piety under Lugonu
   490 | D:1      | Gained mutation: You are partially covered in thin metallic
                  | scales. (AC +2) [demonic ancestry]
   490 | D:1      | Reached XP level 2. HP: 24/24 MP: 2/4
   774 | D:1      | Reached skill level 3 in Invocations
  1715 | D:1      | Reached XP level 3. HP: 23/29 MP: 2/5
  2167 | D:2      | Reached skill level 4 in Invocations
  2322 | D:2      | Reached XP level 4. HP: 27/35 MP: 7/7
  2349 | D:2      | Reached skill level 5 in Invocations
  2533 | D:2      | Reached ** piety under Lugonu
  3085 | D:3      | Found a white marble altar of Elyvilon.
  3103 | D:3      | Gained mutation: You have a pair of small horns on your
                  | head. [demonic ancestry]
  3103 | D:3      | Reached XP level 5. HP: 29/41 MP: 6/8
  3804 | D:3      | Found a faded altar of an unknown god.
  4352 | D:4      | Gained mutation: You regenerate a little health from kills.
                  | [demonic ancestry]
  4352 | D:4      | Reached XP level 6. HP: 46/47 MP: 7/9
  4710 | D:4      | Reached skill level 1 in Evocations
  4856 | D:5      | Entered Level 5 of the Dungeon
  5453 | D:5      | Reached skill level 1 in Shields
  5981 | D:5      | Reached *** piety under Lugonu
  5982 | D:5      | Gained mutation: You have a pair of horns on your head.
                  | [demonic ancestry]
  5982 | D:5      | Reached XP level 7. HP: 7/52 MP: 5/11
  6550 | D:5      | Found a staircase to the Ecumenical Temple.
  6595 | D:5      | Reached skill level 6 in Invocations
  6643 | Temple   | Entered the Ecumenical Temple
  8191 | D:6      | Reached XP level 8. HP: 51/60 MP: 9/13
  8211 | D:6      | Reached skill level 7 in Invocations
  9114 | D:6      | Found a glowing golden altar of the Shining One.
 10212 | D:8      | Reached skill level 8 in Invocations
 10445 | D:8      | Gained mutation: You regenerate health from kills. [demonic
                  | ancestry]
 10445 | D:8      | Reached XP level 9. HP: 61/65 MP: 15/15
 10479 | D:8      | Reached skill level 5 in Evocations
 10524 | D:8      | Reached skill level 9 in Invocations
 10610 | D:8      | Reached skill level 10 in Invocations
 10790 | D:8      | Found a broken altar of Ashenzari.
 10793 | D:8      | Noticed a two-headed ogre
 11165 | D:8      | Found a staircase to the Lair.
 11270 | D:8      | Killed a two-headed ogre
 11271 | D:8      | Reached skill level 5 in Fighting
 11271 | D:8      | Reached skill level 5 in Unarmed Combat
 11274 | D:8      | Reached skill level 5 in Armour
 12194 | D:8      | Reached skill level 5 in Dodging
 12423 | D:9      | Gained mutation: You are partially covered in sharp spines.
                  | [demonic ancestry]
 12423 | D:9      | Reached XP level 10. HP: 29/74 MP: 17/17
 12637 | D:9      | Reached skill level 5 in Shields
 13700 | D:9      | Found a staircase to the Orcish Mines.
 13735 | D:10     | Entered Level 10 of the Dungeon
 14102 | D:10     | Noticed Snorg
 14193 | D:10     | Reached **** piety under Lugonu
 15128 | D:10     | Corrupted D:10
 15128 | D:10     | Noticed a starcursed mass
 15128 | D:10     | Noticed a thrashing horror
 15128 | D:10     | Noticed a tentacled starspawn
 15128 | D:10     | Noticed a starcursed mass
 15128 | D:10     | Noticed a worldbinder
 15128 | D:10     | Noticed a starcursed mass
 15128 | D:10     | Noticed a rakshasa
 15128 | D:10     | Noticed a thrashing horror
 15141 | D:9      | HP: 2/79 [orc warrior/+0 long sword (13)]
 15142 | D:9      | Slain by an orc warrior

Illustrated notes

Levels and vault maps discovered:
D:1:      dpeg_arrival_brainrot, layout_basic
D:2:      layout_rooms, guppyfry_early_lair_pool
D:3:      layout_basic, elyvilon_altar_3, chequers_ecumenical_altar_lobes
D:4:      layout_rooms
D:5:      layout_loops_ring, minmay_temple_entry_mist,
          cheibrodos_sewer_entry_bend
D:6:      layout_basic, kennysheep_little_box
D:7:      layout_rooms, nicolae_gozag_zags_fifth_avenue,
          grunt_dithmenos_smoke_and_mirrors, hangedman_misty_isle
D:8:      layout_cave_pools, overflow_temple_1_default, david_lair_generic,
          kennysheep_crisscross
D:9:      layout_basic, orc_0_dummy
D:10:     layout_irregular_city, nicolae_trove_entry_diagonal, serial_shops,
          shop_fountains, uniq_psyche, uniq_snorg
Temple:   minmay_temple_bridge_d

Skill      XL: |  1  2  3  4  5  6  7  8  9 10 |
---------------+-------------------------------+-----
Dodging        | 1 2 3 4 5 6 |  6.0
Invocations    | 3 4 5 6 8 10 | 10.0
Unarmed Combat | 2 3 4 5 6 |  6.0
Armour         | 2 3 4 5 6 |  6.0
Evocations     | 2 4 5 |  5.0
Shields        | 1 3 4 5 |  5.1
Fighting       | 4 5 7 |  7.0

Action                   |  1- 3 |  4- 6 |  7- 9 | 10-12 || total
-------------------------+-------+-------+-------+-------++-------
Melee: Unarmed           |   298 |   493 |   717 |    41 ||  1549
       Punch             |     1 |     5 |       |       ||     6
       Headbutt          |       |    32 |    90 |    46 ||   168
       Dagger            |       |       |    51 |   175 ||   226
Throw: Stone             |     3 |       |       |       ||     3
Invok: Depart the Abyss  |     1 |       |       |       ||     1
       Bend Space        |       |     1 |       |       ||     1
       Banish            |       |       |     7 |     1 ||     8
       Corrupt           |       |       |       |     1 ||     1
Evoke: Wand              |       |     1 |     8 |       ||     9
  Use: Scroll            |     1 |     6 |     4 |     1 ||    12
       Potion            |       |     4 |     1 |       ||     5
Armor: Leather armour    |     4 |       |       |       ||     4
       Plate armour      |   333 |   594 |   586 |   115 ||  1628
Dodge: Dodged            |    75 |    60 |   108 |    54 ||   297
Block: Kite shield       |       |    84 |   332 |   122 ||   538

Table legend: (Time is in decaauts)
 A = Elapsed time spent in this place.
 B = Non-inter-level travel time spent in this place.
 C = Inter-level travel time spent in this place.
 D = Time resting spent in this place.
 E = Time spent auto-exploring this place.
 F = Levels seen in this place.
 G = Mean time per level.
                   A        B        C        D        E       F      G
               +--------+--------+--------+--------+--------+-----+--------+
         Total |  15194 |  14702 |    492 |   3035 |   8247 |  14 | 1085.3 |
       Dungeon |  14572 |  14121 |    451 |   2868 |   7957 |  10 | 1457.2 |
        Temple |    563 |    522 |     41 |    167 |    290 |   1 |  563.0 |
         Abyss |     57 |     57 |      0 |      0 |      0 |   3 |   19.0 |
               +--------+--------+--------+--------+--------+-----+--------+

Top non-repeatable levels by time:
     D:8: 2652 daAuts
     D:9: 2487 daAuts
     D:5: 2109 daAuts
     D:1: 1807 daAuts
     D:6: 1776 daAuts
     D:2: 1135 daAuts
     D:3: 1102 daAuts
     D:4: 901 daAuts
  Temple: 563 daAuts
     D:7: 375 daAuts
    D:10: 226 daAuts
 Abyss:3: 38 daAuts
 Abyss:2: 16 daAuts
 Abyss:1: 2 daAuts
